 Dungeon Crawl Stone Soup version 0.32-a0-886-g41c5271027 (webtiles) character file.

Game seed: 7543960580000666412

1017 KennySheep the Chopper (level 8, -1/56 HPs)
             Began as a Formicid Chaos Knight on Apr 2, 2024.
             Was a Plaything of Xom.
             Slain by Pikel
             ... wielding a +2 whip of freezing
              (3 damage)
             ... on level 6 of the Dungeon.
             The game lasted 00:14:16 (4988 turns).

KennySheep the Chopper (Formicid Chaos Knight)      Turns: 4988, Time: 00:14:16

Health: -1/56      AC:  5    Str: 19      XL:     8   Next: 45%
Magic:  8/8        EV: 11    Int:  9 (10) God:    Xom [*.....]
Gold:   244        SH:  0    Dex: 11 (13) Spells: 7/7 levels left

rFire   . . .        a - +1 hand axe (chaos)
rCold   . . .        (no shield)
rNeg    . . .        b - +2 leather armour
rPois   +            (helmet unavailable)
rElec   .            (no cloak)
rCorr   .            (no gloves)
SInv    +            p - +0 pair of boots {Fly}
Will    .....        j - amulet of faith
Stlth   +            (no ring)
HPRegen 0.00/turn    (no ring)
MPRegen 0.11/turn

%: faith
@: weak-willed, flying, inhibited regen
A: permanent stasis, dig shafts and tunnels, antennae 3, four strong arms,
hooves 1, deformed body, dopey 1, frail 1, poison resistance, screaming 1,
inhibited regeneration, inability to drink after injury 1
a: Dig, Shaft Self, Renounce Religion


You were on level 6 of the Dungeon.
You worshipped Xom.
You were a special plaything of Xom.
You visited 1 branch of the dungeon, and saw 6 of its levels.

You collected 244 gold pieces.

Inventory:

Hand Weapons
 a - a +1 hand axe of chaos (weapon)
Missiles
 s - 4 datura-tipped darts
Armour
 b - a +2 leather armour (worn)
 o - a +0 pair of boots of stealth
 p - a +0 pair of boots of flying (worn)
Magical Staves
 r - a staff of alchemy
Jewellery
 g - a ring of protection from cold
 j - an amulet of faith (around neck)
Wands
 q - a wand of polymorph (12)
Scrolls
 e - 2 scrolls of teleportation
 h - 2 scrolls of revelation
 l - a scroll of torment
 n - a scroll of identify
 t - a scroll of blinking
 x - 2 scrolls of amnesia


   Skills:
 + Level 5.6 Fighting
 * Level 6.6 Axes
 + Level 4.9 Armour
 + Level 3.7 Dodging


You had 7 spell levels left.
You didn't know any spells.
Your spell library contained the following spells:

 Spells                   Type           Power      Damage    Failure   Level
 Call Canine Familiar     Summ           0%         N/A       80%         3
 Frozen Ramparts          Ice            0%         1d1       80%         3
 Ozocubu's Armour         Ice            0%         N/A       80%         3
 Sigil of Binding         Hex            0%         N/A       80%         3
 Dimensional Bullseye     Hex/Tloc       0%         N/A       99%         4
 Metabolic Englaciation   Hex/Ice        0%         N/A       100%        5
 Sculpt Simulacrum        Ice/Alch       0%         N/A       100%        6
 Ozocubu's Refrigeration  Ice            0%         4d7       100%        7
 Polar Vortex             Ice            0%         N/A       100%        9


Dungeon Overview and Level Annotations

Branches:
Dungeon (6/15)
 Temple: D:4-7

Altars:
Yredelemnul
The Shining One

Annotations:
D:4 3 runed translucent doors, yleetSyT's ghost, amateur OnWn
D:5 Edmund
D:6 Dowan; Pikel


Innate Abilities, Weirdness & Mutations

You cannot be hasted, slowed, berserked, paralysed or teleported.
You can dig through walls and to a lower floor.
You have a pair of large antennae on your head. (SInv)
Your four strong arms can wield two-handed weapons with a shield.
You have large cloven feet.
Armour fits poorly on your strangely shaped body.
You are dopey. (Int -2)
You are frail. (-10% HP)
Your system is resistant to poisons. (rPois)
You occasionally shout uncontrollably at your foes.
You do not regenerate when monsters are visible.
You occasionally lose the ability to drink potions when taking damage.


Message History

Pikel is nearby!
You don't know any spells.
You start putting on your amulet.
You continue putting on your amulet of faith. x2
Pikel says, "You'll make a fine lemure."
You continue putting on your amulet of faith.
The lemure shouts!
You continue putting on your amulet of faith.
Pikel says, "Dispater doesn't talk much, but I know they dig me."
You continue putting on your amulet of faith.
You finish putting on your amulet of faith.
You feel a surge of divine interest.
j - an amulet of faith (around neck) "You have displeased me, mortal."
Your body is wracked with pain!
Pikel attacks as he pursues you!
Pikel hits you with a +2 whip of freezing!
Pikel freezes you.
* * * LOW HITPOINT WARNING * * *
Pikel attacks as he pursues you! Pikel barely misses you.
You aren't carrying any potions.
Unknown command.
As you read the scroll labelled MUHUDWOATY, it crumbles to dust.
Your body is wracked with pain!
* * * LOW HITPOINT WARNING * * *
Pikel convulses!
It was a scroll of torment.
Pikel closely misses you.
As you read the scroll labelled SEGYPN ZACHAI, it dissolves into smoke.
It was a scroll of fog.
Pikel closely misses you.
As you read the scroll labelled NIGIFI ELOACE, it crumbles to dust.
A wave of despondency washes over your surroundings.
It was a scroll of vulnerability.
Pikel closely misses you.
As you read the scroll labelled JOMOWE NESOD, it crumbles to dust.
It is a scroll of enchant weapon.
Your +0 hand axe of chaos glows red for a moment.
Pikel hits you with a +2 whip of freezing!
* * * LOW HITPOINT WARNING * * *
Pikel freezes you.
You die...
Pikel says, "Another soul for the market."
Xom guffaws!

####.# #######.
#....#########.
#.#####.....### #.#
#.....# #.# #.....#
##.## #.....#
##§#.## #.....#
##§###.#####.###
#@## ##.####.#
#K5###.......#
##§§§#...###.##
#.......####..##
#.{.....#......####
#.....{...##.......
#.5##...[.....#####
#.............##
#....)##.####...#


You could see Pikel (weak-willed) and a lemure (weak-willed).

Vanquished Creatures
  Eustachio (D:5)
  An ogre (D:5)
  A lemure (D:5)
  2 phantoms (D:4)
  A weeping skull (D:5)
  A scorpion (D:4)
  A crimson imp (D:3)
  A hound (D:5)
  Ijyb (D:2)
  A jelly (D:5)
  6 iguanas
  2 orc wizards (D:5)
  4 adders
  4 gnolls
  6 dart slugs
  A ribbon worm (D:4)
  7 orcs (D:5)
  11 ball pythons
  6 endoplasms
  3 giant cockroaches
  11 goblins
  8 hobgoblins
  9 jackals
  4 quokkas
  9 bats
  2 frilled lizards
  A goblin skeleton (D:3)
  A goblin zombie (D:3)
  4 hobgoblin zombies (D:3)
  8 kobolds
  A kobold zombie (D:3)
  4 orc zombies (D:3)
  A rat (D:3)
  A spectral orc (D:5)
125 creatures vanquished.

Vanquished Creatures (others)
  An orc priest (D:5)
  A gnoll bouda (D:4)
  4 gnolls (D:4)
  2 goblins (D:2)
8 creatures vanquished.

Grand Total: 133 creatures vanquished

Notes
Turn   | Place    | Note
-------+----------+-------------------------------------------
     0 | D:1      | KennySheep the Formicid Chaos Knight began the quest for
                  | the Orb.
     0 | D:1      | Reached XP level 1. HP: 18/18 MP: 1/1
    38 | D:1      | XOM: silly message
    39 | D:1      | XOM: divination: magic mapping
   103 | D:1      | Reached skill level 1 in Dodging
   114 | D:1      | Reached XP level 2. HP: 16/24 MP: 2/2
   352 | D:1      | Reached XP level 3. HP: 20/29 MP: 3/3
   729 | D:1      | XOM: divination: detect items
   901 | D:2      | XOM: divination: detect items
   963 | D:2      | Reached XP level 4. HP: 37/37 MP: 4/4
  1029 | D:2      | XOM: divination: detect items
  1257 | D:2      | XOM: divination: magic mapping
  1332 | D:2      | Noticed Ijyb
  1338 | D:2      | Reached skill level 4 in Axes
  1359 | D:2      | XOM: destruction
  1405 | D:2      | XOM: god gift: +0 pair of boots of stealth
  1459 | D:2      | XOM: god gift: +0 pair of boots of flying
  1489 | D:2      | Killed Ijyb
  1490 | D:2      | Reached XP level 5. HP: 42/42 MP: 5/5
  1499 | D:2      | XOM: god gift: thick glowing staff {god gift}
  1534 | D:2      | XOM: scenery: summon butterflies
  1599 | D:3      | XOM: confuse monster(s)
  1762 | D:3      | XOM: butterfly on damage
  1766 | D:3      | HP: 1/42 [gnoll/+0 halberd (4)]
  1812 | D:3      | XOM: scenery: 1 doors open
  2042 | D:3      | Found a glowing golden altar of the Shining One.
  2052 | D:3      | XOM: fog
  2067 | D:3      | Reached XP level 6. HP: 46/48 MP: 6/6
  2356 | D:3      | XOM: god gift: white potion {god gift}
  2420 | D:3      | XOM: give mutations
  2420 | D:3      | Gained mutation: You are dopey. (Int -2) [Xom's mischief]
  2420 | D:3      | Gained mutation: You have large cloven feet. [Xom's
                  | mischief]
  2481 | D:3      | XOM: silly message
  2499 | D:4      | XOM: stealth player
  2521 | D:4      | XOM: swap monsters
  2637 | D:4      | XOM: enchant monster (bad)
  2642 | D:4      | XOM: give mutation
  2642 | D:4      | Gained mutation: You do not regenerate when monsters are
                  | visible. [Xom's mischief]
  2648 | D:4      | Reached skill level 5 in Axes
  2773 | D:4      | Found a runed translucent gate.
  2774 | D:4      | Found a runed translucent gate.
  2775 | D:4      | Noticed yleetSyT's ghost (amateur OnWn)
  2779 | D:4      | Found a runed translucent gate.
  2919 | D:4      | Reached XP level 7. HP: 47/55 MP: 7/7
  3051 | D:4      | XOM: draining
  3217 | D:5      | Entered Level 5 of the Dungeon
  3226 | D:5      | Noticed a water moccasin
  3231 | D:5      | a water moccasin changed into a komodo dragon
  3231 | D:5      | Noticed a komodo dragon
  3231 | D:5      | XOM: polymorph water moccasin -> komodo dragon
  3315 | D:4      | XOM: divine lightning
  3331 | D:4      | XOM: give mutation
  3331 | D:4      | Gained mutation: Your system is resistant to poisons.
                  | (rPois) [Xom's mischief]
  3345 | D:4      | HP: 4/82 [poisoned by a scorpion]
  3555 | D:5      | Reached skill level 5 in Fighting
  3567 | D:5      | XOM: chaos cloud
  3631 | D:5      | Found a basalt altar of Yredelemnul.
  3658 | D:5      | XOM: give mutations
  3658 | D:5      | Gained mutation: Armour fits poorly on your strangely
                  | shaped body. [Xom's mischief]
  3658 | D:5      | Gained mutation: You occasionally shout uncontrollably at
                  | your foes. [Xom's mischief]
  3658 | D:5      | Gained mutation: You occasionally lose the ability to drink
                  | potions when taking damage. [Xom's mischief]
  3658 | D:5      | Gained mutation: You are frail. (-10% HP) [Xom's mischief]
  3731 | D:5      | XOM: noise
  3734 | D:5      | Noticed Eustachio
  3760 | D:5      | Killed Eustachio
  3761 | D:5      | Reached skill level 6 in Axes
  3761 | D:5      | Reached XP level 8. HP: 50/55 MP: 8/8
  4390 | D:6      | Noticed Pikel
  4406 | D:6      | Noticed Dowan
  4407 | D:6      | XOM: noise
  4609 | D:5      | XOM: noise
  4869 | D:5      | Noticed Edmund
  4870 | D:5      | XOM: silly message
  4879 | D:5      | XOM: blink monster(s)
  4982 | D:6      | XOM: torment (29/56 hp)
  4988 | D:6      | HP: 2/56 [Pikel/+2 whip of freezing (7)]
  4988 | D:6      | Slain by Pikel

Illustrated notes

Levels and vault maps discovered:
D:1:      erik_arrival_triangle_medium, layout_basic, eino_curves_03, hex_large,
          wad_floor_pattern_1, minmay_indecisive_spiral
D:2:      kennysheep_the_goblin_king, layout_rooms, minivault_26
D:3:      layout_basic, nicolae_tso_besieged_by_evil, nicolae_eternal_life
D:4:      layout_basic, gammafunk_ghost_nasty_kobolds
D:5:      layout_basic, yredelemnul_forgotten_temple_becter,
          lemuel_temple_firewalk_a, uniq_prince_ribbit1, uniq_ijyb,
          uniq_eustachio, uniq_edmund
D:6:      layout_loops_cross, general_overflow_altar, minmay_misc_feat_roman,
          serial_bayou_ford_a, uniq_duvessa, uniq_crazy_yiuf_cottage,
          uniq_blork_the_orc, uniq_pikel

Skill      XL: |  1  2  3  4  5  6  7 |
---------------+----------------------+-----
Dodging        | 1 2 3 |  3.7
Axes           | 4 5 6 |  6.6
Armour         | 3 4 |  4.9
Fighting       | 4 5 |  5.6

Action                     |  1- 3 |  4- 6 |  7- 9 || total
---------------------------+-------+-------+-------++-------
  Melee: Hand axe          |    74 |   209 |   139 ||   422
         Unarmed           |       |     3 |       ||     3
  Throw: Throwing net      |       |       |     1 ||     1
    Use: Scroll            |       |     1 |    10 ||    11
         Potion            |       |       |     7 ||     7
   Stab: Sleeping          |     1 |       |       ||     1
         Held in net/web   |       |     1 |       ||     1
         Confused          |       |     1 |     3 ||     4
         Paralysed         |       |     1 |       ||     1
         Petrified         |       |       |     4 ||     4
 Armour: Leather armour    |    61 |   144 |    77 ||   282
         Skin              |       |     9 |    44 ||    53
  Dodge: Dodged            |    37 |   154 |    79 ||   270

Table legend: (Time is in decaauts)
 A = Elapsed time spent in this place.
 B = Non-inter-level travel time spent in this place.
 C = Inter-level travel time spent in this place.
 D = Time resting spent in this place.
 E = Time spent auto-exploring this place.
 F = Levels seen in this place.
 G = Mean time per level.
                   A        B        C        D        E       F      G
               +--------+--------+--------+--------+--------+-----+--------+
         Total |   5002 |   4872 |    130 |    917 |   2850 |   6 |  833.7 |
       Dungeon |   5002 |   4872 |    130 |    917 |   2850 |   6 |  833.7 |
               +--------+--------+--------+--------+--------+-----+--------+

Top non-repeatable levels by time:
     D:5: 1100 daAuts
     D:4: 1030 daAuts
     D:3: 878 daAuts
     D:1: 869 daAuts
     D:2: 759 daAuts
     D:6: 364 daAuts
